 Dungeon Crawl Stone Soup version 0.30-a0-989-g0d87f670db (webtiles) character file.

Game seed: 15466653601754988908

36 jtron the Trooper (level 3, -3/40 HPs)
             Began as an Ogre Monk on Apr 3, 2023.
             Was a Follower of Ru.
             Slain by Grinder (5 damage)
             ... on level 3 of the Dungeon.
             The game lasted 00:02:13 (689 turns).

jtron the Trooper (Ogre Monk)                        Turns: 689, Time: 00:02:13

Health: -3/40      AC:  3    Str: 17    XL:     3   Next: 37%
Magic:  3/3        EV: 10    Int: 11    God:    Ru [*.....]
Gold:   111        SH:  0    Dex: 11    Spells: 2/2 levels left

rFire   . . .      SeeInvis .    a - +0 spear
rCold   . . .      Faith    .    (no shield)
rNeg    . . .      Spirit   .    b - +0 robe
rPois   .          Reflect  .    (helmet restricted)
rElec   .          Rampage  .    (no cloak)
rCorr   .                        (gloves unavailable)
Will    .....                    (boots unavailable)
Stlth   ++                       (no amulet)
HPRegen 0.26/turn                (no ring)
MPRegen 0.08/turn                (no ring)

@: horrified, hasted, very quick
A: large, unfitting armour, tough skin 1, cowardly
a: Renounce Religion


You were on level 3 of the Dungeon.
You worshipped Ru.
Ru was aware of your devotion.
You visited 1 branch of the dungeon, and saw 3 of its levels.

You collected 111 gold pieces.

Inventory:

Hand Weapons
 a - a +0 spear (weapon)
Missiles
 m - a stone (quivered)
Armour
 b - a +0 robe (worn)
Scrolls
 d - a scroll of vulnerability {unknown}
 f - a scroll of amnesia {unknown}
 g - a scroll of enchant weapon {unknown}
 h - a scroll of identify {unknown}
 j - 2 scrolls of teleportation {unknown}
 k - a scroll of immolation {unknown}
Potions
 c - a potion of ambrosia
 i - a potion of magic
 l - a potion of might {unknown}


   Skills:
 + Level 4.6 Fighting
 + Level 3.6 Polearms
 + Level 3.0 Dodging
 + Level 1.4 Stealth


You had 2 spell levels left.
You didn't know any spells.
Your spell library was empty.

Dungeon Overview and Level Annotations

Branches:
Dungeon (3/15)

Altars:
Ru

Annotations:
D:3 Grinder


Innate Abilities, Weirdness & Mutations

You are too large for most types of armour.
You have tough skin. (AC +1)
Your cowardice makes you less effective in combat with threatening foes.


Message History

Grinder is lightly wounded.
Grinder hits you.
You writhe in agony.
You are too injured to fight recklessly!
You are too injured to fight recklessly!
You are too injured to fight recklessly!
You are too injured to fight recklessly!
You are too injured to fight recklessly!
You are too injured to fight recklessly!
You are too injured to fight recklessly!
You are too injured to fight recklessly!
You are too injured to fight recklessly!
You are too injured to fight recklessly!
You are too injured to fight recklessly!
You are too injured to fight recklessly!
You are too injured to fight recklessly!
You are too injured to fight recklessly!
You are too injured to fight recklessly!
Unknown command.
It was a potion of magic.
Magic courses through your body. Grinder gestures at you.
You suddenly lose the ability to move!
Grinder begins to attack, but is stunned by your conviction!
Grinder hits you. Grinder hits you.
* * * LOW HITPOINT WARNING * * *
You writhe in agony.
* * * LOW HITPOINT WARNING * * *
You can move again.
It was a potion of haste.
You feel yourself speed up. Grinder hits you but does no damage.
You hit Grinder.
Grinder is lightly wounded.
Grinder says, "Mostly I couldn't keep them alive."
Grinder hits you but does no damage.
You hit Grinder.
Grinder is moderately wounded.
Grinder hits you.
* * * LOW HITPOINT WARNING * * *
You writhe in agony.
You die...

#. #.##
#... #..#
#..# #.†#
#..#
#.<###.#.#
#.@5......
#........#
###.##.###
.. # ...
.... .####
.#


You could see Grinder.

Vanquished Creatures
  A worm (D:2)
  A dart slug (D:2)
  2 ball pythons (D:1)
  An endoplasm (D:2)
  A giant cockroach (D:1)
  A goblin (D:2)
  3 hobgoblins
  10 bats
  A frilled lizard (D:2)
  3 kobolds
  4 rats (D:2)
28 creatures vanquished.

Notes
Turn   | Place    | Note
-------+----------+-------------------------------------------
     0 | D:1      | jtron the Ogre Monk began the quest for the Orb.
     0 | D:1      | Reached XP level 1. HP: 24/24 MP: 1/1
    93 | D:1      | Reached XP level 2. HP: 32/32 MP: 2/2
   121 | D:1      | You fall into a shaft and drop 1 floor!
   142 | D:2      | Found a faded altar of an unknown god.
   148 | D:2      | Prayed at the altar of an unknown god.
   148 | D:2      | Became a worshipper of Ru the Awakened
   163 | D:2      | Gained mutation: Your cowardice makes you less effective in
                  | combat with threatening foes. [Ru sacrifice]
   163 | D:2      | Reached * piety under Ru
   403 | D:2      | Reached XP level 3. HP: 40/40 MP: 3/3
   674 | D:3      | Noticed Grinder
   674 | D:3      | Paralysed by Grinder for 3 turns
   683 | D:3      | Paralysed by Grinder for 4 turns
   689 | D:3      | HP: 2/40 [Grinder (5)]
   689 | D:3      | Slain by Grinder

Illustrated notes

Levels and vault maps discovered:
D:1:      evilmike_arrival_hilbert_curve, layout_rooms, st_stairs_9,
          kennysheep_flooded_box, minmay_split_cup_large
D:2:      layout_basic, ebering_ecumenical_altar_hall
D:3:      layout_loops_corners, nicolae_overflow_crystal_walls, fedhas_altar_3,
          uniq_robin, uniq_sigmund, uniq_grinder, uniq_natasha

Skill      XL: |  1  2 |
---------------+-------+-----
Dodging        | 3 |  3.0
Fighting       | |  4.6
Polearms       | |  3.6
Stealth        | |  1.4

Action                     || total
---------------------------++-------
  Melee: Spear             ||   124
 Invoke: Sacrifice Courage ||     1
    Use: Potion            ||     2
   Stab: Sleeping          ||     3
 Armour: Robe              ||    40
  Dodge: Dodged            ||    54

Table legend: (Time is in decaauts)
 A = Elapsed time spent in this place.
 B = Non-inter-level travel time spent in this place.
 C = Inter-level travel time spent in this place.
 D = Time resting spent in this place.
 E = Time spent auto-exploring this place.
 F = Levels seen in this place.
 G = Mean time per level.
                   A        B        C        D        E       F      G
               +--------+--------+--------+--------+--------+-----+--------+
         Total |    679 |    648 |     31 |      0 |    415 |   3 |  226.3 |
       Dungeon |    679 |    648 |     31 |      0 |    415 |   3 |  226.3 |
               +--------+--------+--------+--------+--------+-----+--------+

Top non-repeatable levels by time:
     D:2: 536 daAuts
     D:1: 118 daAuts
     D:3: 24 daAuts
